 Dungeon Sprint DCSS version 0.27-a0-46-g34d46f0a3f (webtiles) character file.

Game seed: 12554530083398656110

295694 mhtbhm the Slayer (level 13, 114/114 HPs)
             Began as a Grey Draconian Berserker on Jan 7, 2021.
             Was a High Priest of Trog.
             Escaped with the Orb!
             The game lasted 00:19:19 (7200 turns).

mhtbhm the Slayer (Grey Draconian Berserker)        Turns: 7200, Time: 00:19:19

Health: 114/114    AC: 24    Str: 34    XL:     13   Next: 81%
Magic:  13/13      EV: 20    Int: 10    God:    Trog [*****.]
Gold:   2276       SH:  5    Dex: 10    Spells: 12/12 levels left

rFire    + . .     SeeInvis +   a - +6 dire flail (flame)
rCold    + + .     Faith    .   (shield currently unavailable)
rNeg     . . .     Spirit   .   (armour unavailable)
rPois    +         Reflect  +   s - +3 crown of Dyrovepreva {rElec Int+2 SInv}
rElec    +         Harm     .   y - +4 dragonskin cloak
rCorr    .         Rampage  .   h - +2 pair of gloves {Str+3}
Will     .....     Rnd*Rage +   (no boots) Stlth ++........NoTele +
                                C - amulet of reflection
HPRegen  0.29/turn              t - ring of poison resistance
MPRegen  0.13/turn              K - ring of Zoajem {rC+ Str+6}

@: flying
A: walk through water, unfitting armour, antennae 1, big wings, see invisible,
berserk 1, frail 2, unbreathing, cold-blooded, AC +13
0: Orb of Zot
a: Stop Flying, Renounce Religion, Berserk, Trog's Hand, Brothers in Arms


You escaped.
You worshipped Trog.
Trog was extremely pleased with you.
You visited 1 branch You collected 7299 gold pieces.
You spent 5023 gold pieces at shops.

Inventory:

Hand Weapons
 a - a +6 dire flail of flaming (weapon)
Missiles
 i - 7 curare-tipped darts (quivered)
Armour
 h - a +2 pair of gloves of strength (worn)
 s - the +3 crown of Dyrovepreva (worn) {rElec Int+2 SInv}
   (You bought it in a shop in the Dungeon)

   It affects your intelligence (+2).
   It insulates you from electricity.
   It lets you see invisible.
 y - the +4 dragonskin cloak (worn)
   (You took it off Tiamat in the Dungeon)
Jewellery
 t - a ring of poison resistance (left hand)
 B - an uncursed ring of protection from fire
 C - an amulet of reflection (around neck)
 F - the amulet "Plog" {Acrobat rElec}
   (You found it in the Dungeon)

   [amulet of the acrobat]

   It helps you evade while moving and waiting.
   It insulates you from electricity.
 K - the ring of Zoajem (right hand) {rC+ Str+6}
   (You bought it in a shop in the Dungeon)

   [ring of strength]

   It affects your strength (+6).
   It protects you from cold.
Wands
 j - a wand of disintegration (8)
 o - a wand of digging (1)
 A - a wand of random effects (19)
 J - a wand of paralysis (4)
Scrolls
 g - 2 scrolls of blinking
 m - 3 scrolls of remove curse
 n - 2 scrolls of fog
 x - 2 scrolls of enchant armour
 E - a scroll of fear
Potions
 b - 5 potions of curing
 c - 6 potions of heal wounds
 d - 3 potions of haste
 e - 2 potions of magic
 f - a potion of berserk rage
 k - 3 potions of ambrosia
 l - 7 potions of might
 w - a potion of resistance
 z - a potion of attraction {unknown}
 G - a potion of invisibility {unknown}
 H - 2 potions of lignification {unknown}
 I - a potion of mutation
Miscellaneous
 p - a tin of tremorstones (2/2)
 q - a phial of floods
 r - a lightning rod (4/4)
 u - a phantom mirror
 L - a condenser vane


   Skills:
 + Level 21.5 Fighting
 + Level 20.9 Maces & Flails
 + Level 4.0 Throwing
 + Level 17.2 Dodging
 + Level 9.1 Stealth
 + Level 3.8 Shields
 + Level 6.7 Evocations


You had 12 spell levels left.
You didn't know any spells.
Your spell library was empty.

Dungeon Overview and Level Annotations

Branches:
Dungeon (1/1)

Altars:
Cheibriados
Dithmenos
Elyvilon
Fedhas
Gozag
Hepliaklqana
Kikubaaqudgha
Makhleb
Nemelex Xobeh
Okawaru
Qazlal
Ru
Sif Muna
Trog
Uskayaw
Vehumet
Wu Jian
Xom
Yredelemnul
Zin
The Shining One
Jiyva
Lugonu

Shops:
D ![*[[*[![((**!}!}[=[=*

Annotations:
D Lom Lobon


Innate Abilities, Weirdness & Mutations

You can walk through water.
Your dull iron-grey scales are very hard. (AC +13)
You cannot fit into any form of body armour.
You can survive without breathing.
You are cold-blooded and may be slowed by cold attacks.
You have a pair of small antennae on your head.
Your large and strong wings let you fly indefinitely.
You have supernaturally acute eyesight. (SInv)
You tend to lose your temper in combat.
You are very frail. (-20% HP)


Message History

a runed great sword {god gift}; a glowing battleaxe {god gift} Your extra speed is starting to run out.
There is an open door here.
There is an open door here.
You feel yourself slow down.
Things that are here:
a +0 dagger; a +0 robe You feel yourself speed up.
There is an open door here.
There is an open door here.
There is an open door, spattered with blood here.
There is an open door, spattered with blood here.
There is an open door here.
You recover from your berserk rage.
There is an open door, spattered with blood here.
There is an open door, spattered with blood here.
You see here a +0 giant spiked club.
There is an open door here.
There is a staircase leading out of the dungeon here.
You have escaped!

##################
#@.#..)..#..'..#__
#..').#..').#..'..
#..#####'#####'#__
#..####..#...#.###
#..#__####..##.#≈§
#..#_____##'#_.§§§
#⌠⌠#_.∩...'..._#§§
####_..__##_.#'##'
*,,#_____###'#.#(§


There were no monsters in sight!

Vanquished Creatures
  Tiamat (D)
  the Lernaean hydra (D)
  A golden dragon (D)
  An Orb Guardian (D)
  A deep elf master archer (D)
  A shadow dragon (D)
  4 fire giants (D)
  A daeva (D)
  A deep elf annihilator (D)
  A lorocyproca (D)
  A mummy priest (D)
  A hydra (D)
  2 centaur warriors (D)
  A deep troll (D)
  7 unseen horrors (D)
  A lindwurm (D)
  2 oklob plants (D)
  2 merfolk sirens (D)
  A gargoyle (D)
  4 demonic crawlers (D)
  2 kobold demonologists (D)
  A hellwing (D)
  A meliai (D)
  5 hornets (D)
  A slime creature (D)
  Sigmund (D)
  2 redbacks (D)
  A yak (D)
  13 hogs (D)
  4 floating eyes (D)
  An ogre (D)
  7 necrophages (D)
  8 jellies (D)
  Ijyb (D)
83 creatures vanquished.

Vanquished Creatures (collateral kills)
  8 shining eyes (D)
  3 floating eyes (D)
11 creatures vanquished.

Vanquished Creatures (others)
  Sonja (D)
  A gargoyle (D)
  A ball lightning (D)
  2 ballistomycete spores (D)
5 creatures vanquished.

Grand Total: 99 creatures vanquished

Notes
Turn   | Place    | Note
-------+----------+-------------------------------------------
     0 | D        | mhtbhm the Draconian Berserker began the quest for the Orb.
     0 | D        | Reached XP level 1. HP: 19/19 MP: 1/1
     1 | D        | Noticed Ijyb
    13 | D        | Killed Ijyb
    14 | D        | Reached skill level 4 in Fighting
    14 | D        | Reached XP level 2. HP: 28/28 MP: 2/2
    52 | D        | Noticed an ogre
    58 | D        | Killed an ogre
    59 | D        | Reached skill level 6 in Fighting
    59 | D        | Reached skill level 5 in Dodging
    59 | D        | Reached XP level 3. HP: 29/38 MP: 3/3
    59 | D        | Reached XP level 4. HP: 34/45 MP: 4/4
   199 | D        | Noticed Sigmund
   206 | D        | Killed Sigmund
   206 | D        | Reached ** piety under Trog
   207 | D        | Reached skill level 8 in Fighting
   207 | D        | Reached XP level 5. HP: 56/56 MP: 5/5
   207 | D        | Reached XP level 6. HP: 62/62 MP: 6/6
   257 | D        | Found an ornate altar of the Wu Jian Council.
   257 | D        | Found a shimmering blue altar of Sif Muna.
   259 | D        | Found a radiant altar of Vehumet.
   294 | D        | Found Sazah's Antique Armour Emporium.
   294 | D        | Found an ancient bone altar of Kikubaaqudgha.
   294 | D        | Found a hazy altar of Hepliaklqana.
   294 | D        | Found a stormy altar of Qazlal.
   294 | D        | Found a hide-covered altar of Uskayaw.
   294 | D        | Found a blossoming altar of Fedhas.
   294 | D        | Found a bloodstained altar of Trog.
   294 | D        | Found an iron altar of Okawaru.
   294 | D        | Found a basalt altar of Yredelemnul.
   294 | D        | Found a glowing golden altar of the Shining One.
   294 | D        | Found a snail-covered altar of Cheibriados.
   294 | D        | Found a sacrificial altar of Ru.
   294 | D        | Found a glowing silver altar of Zin.
   294 | D        | Found a shadowy altar of Dithmenos.
   294 | D        | Found a white marble altar of Elyvilon.
   294 | D        | Noticed a yak
   309 | D        | Killed a yak
   310 | D        | Reached skill level 9 in Fighting
   310 | D        | Found an opulent altar of Gozag.
   311 | D        | Found a sparkling altar of Nemelex Xobeh.
   319 | D        | Bought a pair of runed gloves for 217 gold pieces
   416 | D        | Found a burning altar of Makhleb.
   416 | D        | Found a viscous altar of Jiyva.
   416 | D        | Found a shimmering altar of Xom.
   416 | D        | Found a corrupted altar of Lugonu.
   416 | D        | Noticed a slime creature
   427 | D        | Killed a slime creature
   427 | D        | Reached *** piety under Trog
   428 | D        | Reached skill level 10 in Fighting
   428 | D        | Reached skill level 10 in Maces & Flails
   428 | D        | Your scales start taking on a dull iron-grey colour.
   428 | D        | Reached XP level 7. HP: 36/73 MP: 7/7
   428 | D        | Gained mutation: You can survive without breathing. [Grey
                  | Draconian growth]
   649 | D        | Noticed a kobold demonologist
   650 | D        | Noticed a kobold demonologist
   652 | D        | Noticed a sixfirhy
   654 | D        | Reached skill level 1 in Stealth
   656 | D        | Noticed a soul eater
   656 | D        | Killed a kobold demonologist
   657 | D        | Reached skill level 11 in Fighting
   661 | D        | Killed a kobold demonologist
   661 | D        | Reached **** piety under Trog
   662 | D        | Reached XP level 8. HP: 83/83 MP: 8/8
   728 | D        | Noticed Sonja
   750 | D        | Killed Sonja
   751 | D        | Reached skill level 12 in Fighting
   751 | D        | Reached skill level 10 in Dodging
   960 | D        | Found Uteoq's Distillery.
   968 | D        | Bought a potion of might for 52 gold pieces
   968 | D        | Bought a potion of mutation for 104 gold pieces
   968 | D        | Gained mutation: You are frail. (-10% HP) [potion of
                  | mutation]
   968 | D        | Gained mutation: You have supernaturally acute eyesight.
                  | (SInv) [potion of mutation]
   968 | D        | Gained mutation: You have a pair of small antennae on your
                  | head. [potion of mutation]
   968 | D        | Gained mutation: Your large and strong wings let you fly
                  | indefinitely. [potion of mutation]
   981 | D        | Noticed a deep troll
   989 | D        | Killed a deep troll
   990 | D        | Reached skill level 13 in Fighting
   990 | D        | Reached XP level 9. HP: 83/83 MP: 9/9
   999 | D        | Found Mohogiad's Armour Emporium.
  1072 | D        | Noticed a centaur warrior
  1074 | D        | Noticed a centaur warrior
  1082 | D        | Killed a centaur warrior
  1090 | D        | Killed a centaur warrior
  1091 | D        | Reached skill level 14 in Fighting
  1091 | D        | Reached skill level 1 in Throwing
  1136 | D        | Killed a gargoyle
  1158 | D        | Paralysed by a hornet for 3 turns
  1339 | D        | Noticed an oklob plant
  1346 | D        | Killed an oklob plant
  1346 | D        | Reached ***** piety under Trog
  1347 | D        | Reached XP level 10. HP: 93/93 MP: 10/10
  1733 | D        | Noticed an unseen horror
  1735 | D        | Noticed an unseen horror
  1747 | D        | Killed an unseen horror
  1748 | D        | Reached skill level 15 in Maces & Flails
  1768 | D        | Killed an unseen horror
  1769 | D        | Reached skill level 15 in Fighting
  2044 | D        | Received a gift from Trog
  2082 | D        | Reached ****** piety under Trog
  2090 | D        | Received a gift from Trog
  2131 | D        | Found Qoamog's Distillery.
  2131 | D        | Found Ycauj's Armour Shop.
  2131 | D        | Found Ryumut's Armour Boutique.
  2133 | D        | Found Yrphomy's Antique Weapon Emporium.
  2133 | D        | Found Neblosar's Antique Weapon Shop.
  2133 | D        | Found Sarpheynt's Assorted Antiques.
  2133 | D        | Found Lenn's Assorted Antiques.
  2133 | D        | Found Ybiziry's Distillery.
  2133 | D        | Found Wivuz's Gadget Shop.
  2133 | D        | Found Bazoaxo's Distillery.
  2135 | D        | Bought the +3 crown of Dyrovepreva {rElec Int+2 SInv} for
                  | 496 gold pieces
  2135 | D        | Found the +3 crown of Dyrovepreva {rElec Int+2 SInv}
  2142 | D        | Found Jeorph's Gadget Boutique.
  2143 | D        | Found Xopn's Jewellery Emporium.
  2143 | D        | Found Vaskupleoc's Antique Armour Boutique.
  2144 | D        | Found Pyur's Jewellery Emporium.
  2155 | D        | Bought an uncursed ring of poison resistance for 240 gold
                  | pieces
  2320 | D        | Reached skill level 5 in Stealth
  2375 | D        | Noticed a gargoyle
  2381 | D        | Killed a gargoyle
  2415 | D        | Noticed a lindwurm
  2419 | D        | Killed a lindwurm
  2420 | D        | Reached XP level 11. HP: 96/102 MP: 11/11
  2430 | D        | Received a gift from Trog
  2434 | D        | Reached skill level 16 in Fighting
  2466 | D        | Received a gift from Trog
  2631 | D        | Noticed a 12-headed hydra
  2638 | D        | Killed a 12-headed hydra
  2767 | D        | Noticed a daeva
  2770 | D        | Noticed an unseen horror
  2770 | D        | Noticed an unseen horror
  2776 | D        | Killed an unseen horror
  2776 | D        | Received a gift from Trog
  2777 | D        | Noticed an unseen horror
  2779 | D        | Killed an unseen horror
  2780 | D        | Reached skill level 17 in Fighting
  2785 | D        | Killed an unseen horror
  2796 | D        | Noticed an unseen horror
  2800 | D        | Killed an unseen horror
  2900 | D        | Noticed an unseen horror
  2904 | D        | Killed an unseen horror
  3187 | D        | Noticed a shadow dragon
  3188 | D        | Noticed a golden dragon
  3202 | D        | Killed a golden dragon
  3203 | D        | Reached skill level 18 in Fighting
  3203 | D        | Reached XP level 12. HP: 114/114 MP: 12/12
  3207 | D        | Killed a shadow dragon
  3295 | D        | Found Ymirozur's General Store.
  3312 | D        | Bought a potion of heal wounds for 50 gold pieces
  3326 | D        | Identified a scroll of acquirement
  3327 | D        | Acquired 866 gold pieces
  3488 | D        | Bought a potion of might for 52 gold pieces
  3496 | D        | Received a gift from Trog
  3497 | D        | Paralysed by a floating eye for 4 turns
  3497 | D        | Gained mutation: You are very frail. (-20% HP) [a shining
                  | eye]
  3501 | D        | Gained mutation: You tend to lose your temper in combat. [a
                  | shining eye]
  3505 | D        | Received a gift from Trog
  3506 | D        | Reached skill level 15 in Dodging
  3513 | D        | Found Ycir's Antique Armour Shoppe.
  3513 | D        | Found Sodor's Antique Armour Shop.
  3513 | D        | Found Cuuqae's General Store.
  3513 | D        | Found Ituride's General Store.
  3523 | D        | Bought a scroll of fog for 20 gold pieces
  3523 | D        | Bought a scroll of blinking for 75 gold pieces
  3560 | D        | Bought 2 potions of heal wounds for 130 gold pieces
  3632 | D        | Bought a wand of digging (7) for 264 gold pieces
  3699 | D        | Noticed a lorocyproca
  3709 | D        | Killed a lorocyproca
  3833 | D        | Bought an uncursed ring of protection from fire for 350
                  | gold pieces
  3835 | D        | Bought an uncursed amulet of reflection for 360 gold pieces
  3990 | D        | Killed a daeva
  3991 | D        | Reached skill level 19 in Fighting
  3991 | D        | Reached skill level 1 in Evocations
  4129 | D        | Noticed a fire giant
  4132 | D        | Noticed a fire giant
  4137 | D        | Noticed a fire giant
  4137 | D        | Noticed a fire giant
  4140 | D        | Killed a fire giant
  4143 | D        | Killed a fire giant
  4151 | D        | Killed a fire giant
  4151 | D        | Received a gift from Trog
  4156 | D        | Killed a fire giant
  4389 | D        | Identified the +4 dragonskin cloak
  4389 | D        | Noticed Tiamat
  4492 | D        | Bought a potion of curing for 39 gold pieces
  4492 | D        | Bought a potion of curing for 39 gold pieces
  4511 | D        | Bought a potion of might for 40 gold pieces
  4518 | D        | Bought 2 scrolls of enchant armour for 210 gold pieces
  4579 | D        | Bought 2 potions of heal wounds for 110 gold pieces
  4579 | D        | Bought a potion of might for 44 gold pieces
  4579 | D        | Bought a potion of might for 44 gold pieces
  4579 | D        | Bought a potion of haste for 110 gold pieces
  4579 | D        | Bought a potion of heal wounds for 55 gold pieces
  4579 | D        | Bought a potion of haste for 110 gold pieces
  4583 | D        | Bought a scroll of identify for 58 gold pieces
  4583 | D        | Bought a scroll of identify for 58 gold pieces
  4583 | D        | Bought a scroll of fog for 58 gold pieces
  4583 | D        | Bought a scroll labelled JYSOZU HOCLETWA for 29 gold pieces
  4583 | D        | Bought a fizzy purple potion for 26 gold pieces
  4584 | D        | Bought a fizzy purple potion for 25 gold pieces
  4584 | D        | Bought a scroll of identify for 56 gold pieces
  4584 | D        | Bought a scroll of identify for 56 gold pieces
  4584 | D        | Bought a scroll labelled FEIXOP OTSOKI for 28 gold pieces
  4585 | D        | Bought a potion of heal wounds for 65 gold pieces
  4585 | D        | Bought 2 potions of might for 104 gold pieces
  4585 | D        | Bought a potion of haste for 130 gold pieces
  4587 | D        | Bought a potion of mutation for 104 gold pieces
  4898 | D        | Bought the ring of Zoajem {rC+ Str+6} for 1015 gold pieces
  4974 | D        | Noticed a deep elf annihilator
  4982 | D        | Reached skill level 20 in Fighting
  4982 | D        | Killed a deep elf annihilator
  4983 | D        | Reached skill level 1 in Shields
  4983 | D        | Reached XP level 13. HP: 99/111 MP: 13/13
  4984 | D        | Received a gift from Trog
  5208 | D        | Noticed a mummy priest
  5215 | D        | Noticed a jiangshi
  5215 | D        | Killed a mummy priest
  5463 | D        | Noticed the 27-headed Lernaean hydra
  5475 | D        | Killed the 27-headed Lernaean hydra
  5831 | D        | Noticed a deep elf master archer
  5839 | D        | Killed a deep elf master archer
  5840 | D        | Reached skill level 21 in Fighting
  5840 | D        | Reached skill level 5 in Evocations
  5988 | D        | Got a slimy iron amulet
  5999 | D        | Identified the amulet "Plog" {Acrobat rElec} (You found it
                  | in the Dungeon)
  6484 | D        | Killed Tiamat
  6484 | D        | Received a gift from Trog
  6649 | D        | Noticed Lom Lobon
  7106 | D        | Got the Orb of Zot
  7132 | D        | Noticed an Orb Guardian
  7145 | D        | Killed an Orb Guardian
  7200 | D        | Escaped with the Orb!

Illustrated notes

Levels and vault maps discovered:
D:        dungeon_sprint_1 [red_sonja_temple_1, red_sonja_temple_small_1]

Skill      XL: |  1  2  3  4  5  6  7  8  9 10 11 12 13 |
---------------+----------------------------------------+-----
Fighting       | 4 6 8 10 11 13 14 15 18 20 21 | 21.5
Maces & Flails | 4 6 7 10 11 12 14 16 17 19 20 | 20.9
Dodging        | 4 5 6 8 9 10 11 12 14 15 17 | 17.2
Stealth        | 1 2 3 5 7 8 9 |  9.1
Throwing       | 1 2 4 |  4.0
Evocations     | 2 6 |  6.7
Shields        | 1 3 |  3.8

Action                   |  1- 3 |  4- 6 |  7- 9 | 10-12 | 13-15 || total
-------------------------+-------+-------+-------+-------+-------++-------
Melee: Mace              |    15 |    30 |    49 |    79 |       ||   173
       Tailslap          |     1 |     7 |    13 |    47 |    10 ||    78
       Dire flail        |       |       |       |   156 |    34 ||   190
       Great mace        |       |       |       |     2 |    11 ||    13
Throw: Dart              |       |       |     2 |     4 |       ||     6
Invok: Berserk           |     2 |     2 |     6 |     6 |     6 ||    22
       Brothers in Arms  |       |       |       |     4 |     3 ||     7
       Trog's Hand       |       |       |       |       |     1 ||     1
 Abil: Fly               |       |       |     1 |       |       ||     1
Evoke: Wand              |       |       |       |     3 |     4 ||     7
       Tin of tremorston |       |       |       |     3 |     2 ||     5
       Lightning rod     |       |       |       |     2 |       ||     2
       Phantom mirror    |       |       |       |     1 |       ||     1
  Use: Potion            |       |       |     1 |       |     4 ||     5
       Scroll            |       |       |       |     5 |     7 ||    12
 Stab: Sleeping          |       |       |       |     3 |       ||     3
Armor: Skin              |     3 |     5 |    24 |    98 |    34 ||   164
Dodge: Dodged            |     5 |    13 |    56 |   156 |    58 ||   288
Block: Other             |       |       |       |     3 |    17 ||    20
       Reflection        |       |       |       |       |     1 ||     1

Table legend: (Time is in decaauts)
 A = Elapsed time spent in this place.
 B = Non-inter-level travel time spent in this place.
 C = Inter-level travel time spent in this place.
 D = Time resting spent in this place.
 E = Time spent auto-exploring this place.
 F = Levels seen in this place.
 G = Mean time per level.
                   A        B        C        D        E       F      G
               +--------+--------+--------+--------+--------+-----+--------+
         Total |   7247 |   7053 |    194 |   4449 |      1 |   1 | 7247.0 |
       Dungeon |   7247 |   7053 |    194 |   4449 |      1 |   1 | 7247.0 |
               +--------+--------+--------+--------+--------+-----+--------+

Top non-repeatable levels by time:
       D: 7247 daAuts
